 Dungeon Crawl Stone Soup version 0.31-a0-844-gdc52ec4e09 (webtiles) character file.

Game seed: 10519761457408397350

85 kae the Changeling (level 4, -1/35 HPs)
             Began as a Draconian Shapeshifter on Sept 28, 2023.
             Slain by Grinder (4 damage)
             ... while paralysed by Grinder
             ... on level 3 of the Dungeon.
             The game lasted 00:01:12 (1887 turns).

kae the Changeling (Draconian Shapeshifter)         Turns: 1887, Time: 00:01:12

Health: -1/35      AC:  9    Str: 17    XL:     4   Next: 25%
Magic:  4/4        EV:  2    Int: 10    God:
Gold:   127        SH:  0    Dex: 12    Spells: 3/3 levels left

rFire   . .          .
                       - Unarmed
rCold   . . .        (no shield)
rNeg    . . .        (body armour unavailable)
rPois   .            (helmet currently unavailable)
rElec   .            (cloak currently unavailable)
rCorr   .            (gloves currently unavailable)
SInv    .            (boots currently unavailable)
Will    .....        (no amulet)
Stlth   +            O - +4 ring of protection
HPRegen 0.25/turn    (no ring)
MPRegen 0.09/turn

%: no passive effects
@: paralysed, beast-form, hasted
A: beast (slay +2), AC +5, unfitting armour, cold-blooded
a: Begin Untransformation


You were on level 3 of the Dungeon.
You were a hulking beast.
You visited 1 branch of the dungeon, and saw 3 of its levels.

You collected 127 gold pieces.


Innate Abilities, Weirdness & Mutations

You are a hulking beast.
Your limbs bulge with bestial killing power. (Slay +2)
Your plain brown scales are hard. (AC +5)
You cannot fit into any form of body armour.
You are cold-blooded and may be slowed by cold attacks.


   Skills:
 - Level 1.1 Fighting
 - Level 1.7 Dodging
 + Level 3.8 Unarmed Combat
 * Level 4.3 Shapeshifting


You had 3 spell levels left.
You didn't know any spells.
Your spell library contained the following spells:

 Spells                   Type           Power      Damage    Failure   Level
 Gell's Gravitas          Tloc           0%         N/A       75%         3
 Hailstorm                Conj/Ice       0%         3d3       75%         3
 Teleport Other           Tloc           0%         N/A       75%         3
 Summon Ice Beast         Ice/Summ       0%         N/A       98%         4
 Dispersal                Tloc           0%         N/A       100%        6
 Simulacrum               Ice/Necr       0%         N/A       100%        6

Inventory:

Missiles
 d - 31 stones
 k - 2 boomerangs
 m - 5 javelins
 o - 8 poisoned darts
Jewellery
 N - a ring of positive energy
   (You found it on level 3 of the Dungeon)
 O - a +4 ring of protection (left hand)
   (You found it on level 3 of the Dungeon)
Talismans
 b - a beast talisman (active)
 c - a flux talisman
Wands
 n - a wand of mindburst (9)
   (You found it on level 3 of the Dungeon)
Scrolls
 e - a scroll of teleportation {unknown}
 h - 2 scrolls of identify {unknown}
 j - a scroll of torment {unknown}
Potions
 a - a potion of lignification {!q}
 f - a potion of haste {@q3}
 g - a potion of brilliance {unknown}
 i - 3 potions of mutation {unknown}
 l - a potion of cancellation {unknown}
 p - a potion of degeneration {unknown}

Dungeon Overview and Level Annotations

Branches:
Dungeon (3/15) Zot: 16125

Altars:
Nemelex Xobeh

Shops:
D:3 [[=

Annotations:
D:3 Grinder, Natasha

. ..# #.###### # ###
#.# #.# #.# ##.# ####
##..########
...#########.#.........
.#.#......###...######
..∩..####.##....h5#
##.### ##...#......#
#..# ......###.∩.#..
#.## #####.# ...# ...#
#.# #... #..# #+# ##.#
##.# . #.### #.#.##


You could see Grinder.


Message History

The ball python constricts you. The ball python bites you.
The ball python constricts you.
The ball python bites you but does no damage.
The ball python constricts you.
The ball python bites you but does no damage.
The ball python constricts you.
You can move again. 😮 HP[-3]
You take 3 damage, and now have 26/35 hp.
Unknown command.
Unknown command.
Unknown command.
It was a potion of haste.
You feel yourself speed up.
The ball python bites you but does no damage.
The ball python constricts you.
O - a +4 ring of protection (left hand) Grinder blinks!
The ball python bites you but does no damage.
The ball python constricts you. 😮 HP[-1]
You take 1 damage, and now have 25/35 hp.
You punch the ball python!
You kill the ball python! 😮 HP[+1] Grinder gestures at you.
You suddenly lose the ability to move!
Grinder hits you but does no damage. x2
Grinder gestures at you. Pain shoots through your body!
Grinder zaps a wand.
The puff of flame hits you!
* * * LOW HITPOINT WARNING * * *
You can move again.
You are too injured to fight recklessly!
You hit Grinder. You tail-slap Grinder. 😨 HP[-10]
You take 10 damage, and now have 16/35 hp.
MASSIVE DAMAGE!! (PAUSE)
You hit Grinder. Your punch misses Grinder.
Grinder hits you but does no damage.
You hit Grinder.
Grinder hits you but does no damage. 😨 HP[+1] Unknown command.
You closely miss Grinder.
Grinder grins, showing sharp teeth.
Grinder misses you.
You punch Grinder!
Unknown command.
You barely miss Grinder. Grinder closely misses you.
You hit Grinder but do no damage. You completely miss Grinder.
Your tail-slap misses Grinder.
Grinder hits you but does no damage.
Unknown command.
You closely miss Grinder.
You tail-slap Grinder, but do no damage.
Grinder gestures at you.
You suddenly lose the ability to move!
Grinder hits you.
* * * LOW HITPOINT WARNING * * *
Grinder zaps a wand.
The puff of flame hits you!
* * * LOW HITPOINT WARNING * * *
Grinder gestures at you.
You barely resist.
You can move again.
You punch Grinder! 😱 HP[-10]
You take 10 damage, and now have 7/35 hp.
MASSIVE DAMAGE!! (PAUSE)
You hit Grinder.
Grinder hits you but does no damage. 😱 HP[+1] Unknown command.
You hit Grinder. You closely miss Grinder.
Your tail-slap misses Grinder.
Grinder gestures at you.
You suddenly lose the ability to move!
Grinder hits you but does no damage. Grinder hits you.
* * * LOW HITPOINT WARNING * * *
Grinder gestures at you.
You shrug off the repeated paralysis!
Grinder gestures at you.
You shrug off the repeated paralysis!
You can move again.
You hit Grinder.
Grinder zaps a wand.
The puff of flame hits you.
* * * LOW HITPOINT WARNING * * *
😱 HP[-5]
You take 5 damage, and now have 3/35 hp.
You hit Grinder.
Unknown command.
You closely miss Grinder.
Your tail-slap misses Grinder.
Grinder gestures at you.
You suddenly lose the ability to move!
Grinder hits you.
* * * LOW HITPOINT WARNING * * *
You writhe in agony.
You die...
Grinder says, "Now the real fun starts!"

Skill      XL: |  1  2 |
---------------+-------+-----
Shapeshifting  | 4 |  4.3
Fighting       | |  1.1
Dodging        | |  1.7
Unarmed Combat | |  3.8

Action                     |  1- 3 |  4- 6 || total
---------------------------+-------+-------++-------
  Melee: Unarmed           |    64 |    36 ||   100
         Tailslap          |     4 |     3 ||     7
         Punch             |     2 |       ||     2
    Use: Potion            |     1 |     1 ||     2
 Armour: Skin              |    23 |    31 ||    54
  Dodge: Dodged            |    29 |    15 ||    44

Levels and vault maps discovered:
D:1:      dpeg_arrival_rhombi, layout_basic
D:2:      layout_rooms
D:3:      layout_loops_corners, mainiacjoe_overflow_brackets, serial_shops,
          shop, nicolae_shop_stone, nicolae_shop_tiny_real_fake_doors,
          nicolae_shop_crystal, uniq_terence, uniq_grinder, uniq_natasha

Notes
Turn   | Place    | Note
-------+----------+-------------------------------------------
     0 | D:1      | kae the Draconian Shapeshifter began the quest for the Orb.
     0 | D:1      | Reached XP level 1. HP: 16/16 MP: 1/1
     0 | D:1      | magus.rc [v1.11.3]
   110 | D:1      | You pick up a book of the Tundra and begin reading...
   110 | D:1      | You add the spells Hailstorm, Summon Ice Beast and
                  | Simulacrum to your library.
   190 | D:1      | Reached XP level 2. HP: 18/23 MP: 2/2
  1286 | D:2      | You fall into a shaft and drop 1 floor!
  1286 | D:3      | Found Iphoukhleg's Antique Armour Shop.
  1316 | D:3      | Reached skill level 4 in Shapeshifting
  1316 | D:3      | Reached XP level 3. HP: 12/28 MP: 3/3
  1463 | D:3      | Found a sparkling altar of Nemelex Xobeh.
  1464 | D:3      | Found Gogeumm's Armour Boutique.
  1503 | D:3      | Noticed Natasha
  1635 | D:3      | Reached XP level 4. HP: 35/35 MP: 4/4
  1817 | D:3      | You add the spells Gell's Gravitas, Teleport Other and
                  | Dispersal to your library.
  1841 | D:3      | Noticed Grinder
  1842 | D:3      | Found Orush's Jewellery Emporium.
  1847 | D:3      | Paralysed by Grinder for 5 turns
  1859 | D:3      | Paralysed by Grinder for 4 turns
  1872 | D:3      | Paralysed by Grinder for 3 turns
  1874 | D:3      | HP: 7/35 [Grinder/puff of flame (7)]
  1879 | D:3      | Paralysed by Grinder for 4 turns
  1881 | D:3      | HP: 4/35 [Grinder (4)]
  1886 | D:3      | Paralysed by Grinder for 4 turns
  1887 | D:3      | HP: 3/35 [Grinder (1)]
  1887 | D:3      | Slain by Grinder

Vanquished Creatures
  An orc priest (D:3)
  An adder (D:3)
  4 orcs (D:3)
  A ball python (D:3)
  An endoplasm (D:1)
  2 giant cockroaches (D:2)
  6 goblins
  6 hobgoblins
  5 kobolds
  A quokka (D:1)
  5 bats
  7 frilled lizards
  3 rats (D:1)
43 creatures vanquished.

Table legend:
 A = Non-vault XP
 B = Vault XP
 C = Vault XP percentage of total XP
 D = Non-vault monster count
 E = Vault monster count
 F = Vault count percentage of total count
                 A         B        C        D         E       F
            +---------+---------+-------+---------+---------+-------
      Total |     122 |       0 |   0.0 |      43 |       0 |   0.0
            +---------+---------+-------+---------+---------+-------
        D:1 |      29 |       0 |   0.0 |      20 |       0 |   0.0
        D:2 |       9 |       0 |   0.0 |       6 |       0 |   0.0
        D:3 |      84 |       0 |   0.0 |      17 |       0 |   0.0
            +---------+---------+-------+---------+---------+-------

Skill      XL: |  1  2 |
---------------+-------+-----
Shapeshifting  | 4 |  4.3
Fighting       | |  1.1
Dodging        | |  1.7
Unarmed Combat | |  3.8

Action                     |  1- 3 |  4- 6 || total
---------------------------+-------+-------++-------
  Melee: Unarmed           |    64 |    36 ||   100
         Tailslap          |     4 |     3 ||     7
         Punch             |     2 |       ||     2
    Use: Potion            |     1 |     1 ||     2
 Armour: Skin              |    23 |    31 ||    54
  Dodge: Dodged            |    29 |    15 ||    44

Illustrated notes

Table legend:
 A = Kills in this place as a percentage of kills in the entire game.
 B = Kills by you in this place as a percentage of kills by you in the entire game.
 C = Kills by friends in this place as a percentage of kills by friends in the entire game.
 D = Other kills in this place as a percentage of other kills in the entire game.
 E = Experience gained in this place as a percentage of experience gained in the entire game.
 F = Experience gained in this place divided by the number of levels of this place that you have seen.
                   A       B       C       D       E      F
               +-------+-------+-------+-------+-------+----------------------
         Total | 100.0 | 100.0 |   N/A |   N/A | 100.0 |  40.7
       Dungeon | 100.0 | 100.0 |   N/A |   N/A | 100.0 |  40.7
               +-------+-------+-------+-------+-------+----------------------

Table legend: (Time is in decaauts)
 A = Elapsed time spent in this place.
 B = Non-inter-level travel time spent in this place.
 C = Inter-level travel time spent in this place.
 D = Time resting spent in this place.
 E = Time spent auto-exploring this place.
 F = Levels seen in this place.
 G = Mean time per level.
                   A        B        C        D        E       F      G
               +--------+--------+--------+--------+--------+-----+--------+
         Total |   1873 |   1818 |     55 |      0 |   1560 |   3 |  624.3 |
       Dungeon |   1873 |   1818 |     55 |      0 |   1560 |   3 |  624.3 |
               +--------+--------+--------+--------+--------+-----+--------+

Top non-repeatable levels by time:
     D:1: 1115 daAuts
     D:3: 590 daAuts
     D:2: 168 daAuts
